 Dungeon Crawl Stone Soup version 0.17-a0-1399-gd5b76e1 (webtiles) character file.

131 urechis the Spear-Bearer (level 5, -1/38 HPs)
             Began as a Merfolk Gladiator on June 19, 2015.
             Slain by urechis's ghost (5 damage)
             ... on level 3 of the Dungeon.
             The game lasted 00:03:18 (2135 turns).

urechis the Spear-Bearer (Merfolk Gladiator)        Turns: 2135, Time: 00:03:18

Health: -1/38      AC:  6    Str: 15    XL:     5   Next: 14%
Magic:  5/5        EV:  8    Int:  8    God:
Gold:   183        SH:  0    Dex: 15    Spells: 0 memorised, 4 levels left

rFire  . . .     SeeInvis .     a - +0 trident
rCold  . . .     Clarity  .     b - +0 leather armour
rNeg   . . .     SustAt   .     (no shield)
rPois  .         Gourm    .     c - +0 helmet
rElec  .         Spirit   .     q - +1 cloak
rCorr  .         Warding  .     (no gloves)
rMut   .         Stasis   .     (no boots)
MR     .....                    (no amulet)
Stlth  +.........               (no ring)
                                (no ring)

@: not resistant to hostile enchantments, very unstealthy
A: change form in water, swift swim
a: no special abilities


You were on level 3 of the Dungeon.
You were very hungry.

You visited 1 branch of the dungeon, and saw 4 of its levels.

You collected 183 gold pieces.

Inventory:

Hand weapons
 a - a +0 trident (weapon)
Missiles
 d - 3 throwing nets (quivered)
Armour
 b - a +0 leather armour (worn)
 c - a +0 helmet (worn)
 q - a +1 cloak (worn)
Scrolls
 f - a scroll of random uselessness {unknown}
 l - a scroll of noise {unknown}
 m - 3 scrolls of immolation {unknown}
 o - 3 scrolls of identify {unknown}
 r - a scroll of amnesia {unknown}
 s - a scroll of blinking {unknown}
 t - a scroll of remove curse {unknown}
 v - a scroll of enchant weapon {unknown}
 x - a scroll of teleportation {unknown}
Potions
 g - 2 potions of curing
 h - 2 potions of haste {unknown}
 i - 2 potions of beneficial mutation {unknown}
 j - a potion of magic {unknown}
 p - 2 potions of flight {unknown}
 u - 2 potions of agility {unknown}
 w - a potion of heal wounds {unknown}
 z - a potion of poison {unknown}
Comestibles
 e - 2 bread rations
 k - 2 meat rations


   Skills:
 - Level 2.1 Fighting
 + Level 8.2 Polearms
 - Level 2.0 Throwing
 - Level 4.0 Dodging


You had 4 spell levels left.
You didn't know any spells.

Dungeon Overview and Level Annotations

Branches:
Dungeon (4/15)
 Temple: D:4-7

Altars:
Cheibriados
Vehumet

Annotations:
D:3 urechis's ghost, average MfGl


Message History

You are too injured to fight recklessly!
You are too injured to fight recklessly!
You are too injured to fight recklessly!
You are too injured to fight recklessly!
You are too injured to fight recklessly!
You are too injured to fight recklessly!
You are too injured to fight recklessly!
You are too injured to fight recklessly!
You are too injured to fight recklessly!
You are too injured to fight recklessly!
You are too injured to fight recklessly!
You are too injured to fight recklessly!
You are too injured to fight recklessly!
You are too injured to fight recklessly!
You are too injured to fight recklessly!
You are too injured to fight recklessly!
You are too injured to fight recklessly!
You are too injured to fight recklessly!
Urechis's ghost hits you.
You die...

#.. #.# #.# #.# #.#
#.# #.# #.# #.# # #.#
#.# #.#.# #.#
#.#.####)#
#..@W....###########
###.##.#....(.......
#.....##.#.#######...#
.....##.##.#.# #...#
#### #.##.#.## #...#
#.##.#..# #...#
#.##.##.# #...#
#.##.##.######...#
#.................


You could see urechis's ghost.

Vanquished Creatures
  7 adders
  3 oozes
  A ball python (D:2)
  4 bats
  A giant cockroach (D:2)
  7 goblins
  8 hobgoblins
  5 jackals
  3 quokkas (D:3)
  3 giant geckos
  2 giant newts
  4 kobolds
  4 rats
52 creatures vanquished.

Notes
Turn   | Place    | Note
--------------------------------------------------------------
     0 | D:1      | urechis the Merfolk Gladiator began the quest for the Orb.
     0 | D:1      | Reached XP level 1. HP: 16/16 MP: 1/1
   113 | D:1      | Reached skill level 5 in Polearms
   126 | D:1      | Reached XP level 2. HP: 17/22 MP: 2/2
   331 | D:1      | Reached skill level 6 in Polearms
   331 | D:1      | Reached XP level 3. HP: 22/27 MP: 3/3
   469 | D:1      | Found a snail-covered altar of Cheibriados.
   724 | D:2      | Reached skill level 7 in Polearms
   724 | D:2      | Reached XP level 4. HP: 30/33 MP: 4/4
  1242 | D:2      | Found a radiant altar of Vehumet.
  1446 | D:3      | Reached skill level 8 in Polearms
  1463 | D:3      | Reached XP level 5. HP: 28/38 MP: 5/5
  1609 | D:3      | Noticed urechis's ghost (average MfGl)
  2135 | D:3      | Slain by urechis's ghost

Vault maps used:
D:1:      shiori_shiawase, cheibriados_altar_1
D:2:      lemuel_coloured_pillars_altar
D:3:      ecumenical_altar_1, first_bread, uniq_terence
D:4:      serial_shops, nicolae_shop_crystal

Action                   |  1- 3 |  4- 6 || total
-------------------------+-------+-------++-------
Melee: Trident           |    93 |    95 ||   188
  Use: Potion            |       |     1 ||     1
 Stab: Sleeping          |     1 |     2 ||     3
  Eat: Chunk             |       |     1 ||     1
       Pizza             |       |     1 ||     1
